 Dungeon Crawl Stone Soup version 0.31-a0-656-gb4d89c20fa (webtiles) character file.

Game seed: 10104956382817012855

9 subawu the Digger (level 2, 0/20 HPs)
             Began as a Draconian Earth Elementalist on Aug 30, 2023.
             Slain by a kobold
             ... wielding a +0 dagger
              (3 damage)
             ... on level 1 of the Dungeon.
             The game lasted 00:01:18 (211 turns).

subawu the Digger (Draconian Earth Elementalist)     Turns: 211, Time: 00:01:18

Health: 0/20       AC:  5    Str: 10    XL:     2   Next: 3%
Magic:  0/5        EV: 12    Int: 15    God:
Gold:   19         SH:  0    Dex: 11    Spells: 4/5 levels left

rFire   . . .        (no weapon)
rCold   . . .        (no shield)
rNeg    . . .        (body armour unavailable)
rPois   .            (helmet restricted)
rElec   .            c - +0 cloak
rCorr   .            (no gloves)
SInv    .            (no boots)
Will    .....        (no amulet)
Stlth   ++           (no ring)
HPRegen 0.23/turn    (no ring)
MPRegen 0.09/turn

%: no passive effects
@: no status effects
A: AC +4, unfitting armour, cold-blooded
a: no special abilities


You were on level 1 of the Dungeon.
You visited 1 branch of the dungeon, and saw 1 of its levels.

You collected 19 gold pieces.

Inventory:

Armour
 c - a +0 cloak (worn)
Scrolls
 b - a scroll of enchant weapon {unknown}
Potions
 a - a potion of magic


   Skills:
 + Level 1.9 Dodging
 + Level 2.0 Stealth
 + Level 2.1 Spellcasting
 + Level 1.2 Transmutations
 + Level 3.1 Earth Magic


You had 4 spell levels left.
You knew the following spells:

 Your Spells              Type           Power      Damage    Failure   Level
a - Sandblast             Erth           20%        2d7       6%          1

Your spell library contained the following spells:

 Spells                   Type           Power      Damage    Failure   Level
 Passwall                 Tmut/Erth      6%         N/A       14%         2
 Stone Arrow              Conj/Erth      12%        3d7       34%         3
 Petrify                  Tmut/Erth      8%         N/A       65%         4


Dungeon Overview and Level Annotations

Branches:
Dungeon (1/15)

Altars:

Shops:
D:1 (


Innate Abilities, Weirdness & Mutations

Your plain brown scales are hard. (AC +4)
You cannot fit into any form of body armour.
You are cold-blooded and may be slowed by cold attacks.


Message History

Casting: Sandblast (safe; 6% risk of failure)
Confirm with . or Enter, or press ? or * to list all spells.
Aiming: Sandblast (safe; 6% risk of failure)
Press: ? - help, Shift-Dir - straight line, f - frilled lizard
Aim: a frilled lizard (70% to hit)
The blast of sand hits the frilled lizard!
You kill the frilled lizard!
The goblin closely misses you. x2; The kobold hits you but does no damage.
Casting: Sandblast (safe; 6% risk of failure)
Confirm with . or Enter, or press ? or * to list all spells.
You don't have enough magic to cast this spell.
Unknown command.
You miss the kobold. The kobold hits you but does no damage.
The goblin closely misses you.
Casting: Sandblast (safe; 6% risk of failure)
Confirm with . or Enter, or press ? or * to list all spells.
You don't have enough magic to cast this spell.
Casting: Sandblast (safe; 6% risk of failure)
Confirm with . or Enter, or press ? or * to list all spells.
You don't have enough magic to cast this spell.
Unknown command.
You hit the kobold but do no damage. You tail-slap the kobold.
The kobold is severely wounded.
The goblin barely misses you. The kobold closely misses you.
You hit the kobold but do no damage.
The kobold is severely wounded.
The goblin misses you. The kobold closely misses you.
You hit the kobold but do no damage.
Your tail-slap misses the kobold.
The kobold is severely wounded.
The goblin barely misses you. The kobold hits you with a +0 dagger.
* * * LOW HITPOINT WARNING * * *
Casting: Sandblast (safe; 6% risk of failure)
Confirm with . or Enter, or press ? or * to list all spells.
You don't have enough magic to cast this spell.
You closely miss the kobold.
The kobold is severely wounded.
The goblin hits you with a +0 club.
* * * LOW HITPOINT WARNING * * *
The kobold hits you with a +0 dagger.
You die...

#..###.# .....# #..#
#.# .....#. ###.# #.#
....... #...###.#
......#
#....##.######.......
#..............# .#
###....####...#g.#.#
#......# #...#Kgb>#
##†.....# #...#@####
#.†....[# #####.#
#.####### #.# #.# #.#
..# #.# ### #.. # #..
#..


You could see 2 goblins, a bat and a kobold.

Vanquished Creatures
  A hobgoblin (D:1)
  3 jackals (D:1)
  A ball python (D:1)
  2 frilled lizards (D:1)
  2 rats (D:1)
9 creatures vanquished.

Notes
Turn   | Place    | Note
-------+----------+-------------------------------------------
     0 | D:1      | subawu the Draconian Earth Elementalist began the quest for
                  | the Orb.
     0 | D:1      | Reached XP level 1. HP: 14/14 MP: 3/3
   141 | D:1      | Found Xeugath's Weapon Shop.
   206 | D:1      | Reached XP level 2. HP: 7/20 MP: 1/5
   211 | D:1      | Slain by a kobold

Illustrated notes

Levels and vault maps discovered:
D:1:      dpeg_arrival_more_subterranean_lakeside_camping, layout_basic,
          serial_shops, nicolae_shop_statue_plus

Skill      XL: |  1 |
---------------+----+-----
Stealth        | 2 |  2.0
Dodging        | |  1.9
Spellcasting   | |  2.1
Transmutations | |  1.2
Earth Magic    | |  3.1

Action                     || total
---------------------------++-------
  Melee: Unarmed           ||    38
         Tailslap          ||     3
   Cast: Sandblast         ||    10
 Armour: Skin              ||    24
  Dodge: Dodged            ||    81

Table legend: (Time is in decaauts)
 A = Elapsed time spent in this place.
 B = Non-inter-level travel time spent in this place.
 C = Inter-level travel time spent in this place.
 D = Time resting spent in this place.
 E = Time spent auto-exploring this place.
 F = Levels seen in this place.
 G = Mean time per level.
                   A        B        C        D        E       F      G
               +--------+--------+--------+--------+--------+-----+--------+
         Total |    217 |    217 |      0 |     47 |     54 |   1 |  217.0 |
       Dungeon |    217 |    217 |      0 |     47 |     54 |   1 |  217.0 |
               +--------+--------+--------+--------+--------+-----+--------+

Top non-repeatable levels by time:
     D:1: 217 daAuts
